 Dungeon Sprint DCSS version 0.30.1-11-g7821555f0a (webtiles) character file.

Game seed: 1645766097339981692

81 Heoruswealwe the Poker (level 4, -8/44 HPs)
             Began as a Minotaur Fighter on Dec 27, 2023.
             Mangled by an ogre
             ... wielding a +0 giant club
              (17 damage)
             ... in the Dungeon (Sprint IX: "|||||||||||||||||||||||||||||").
             The game lasted 00:00:51 (47 turns).

Heoruswealwe the Poker (Minotaur Fighter)             Turns: 47, Time: 00:00:52

Health: -8/44      AC:  7    Str: 23    XL:     4   Next: 19%
Magic:  3/3        EV:  9    Int:  5    God:
Gold:   0          SH:  4    Dex:  9    Spells: 3/3 levels left

rFire   . . .        a - +0 trident
rCold   . . .        d - +0 buckler
rNeg    . . .        c - +0 scale mail
rPois   .            (helmet restricted)
rElec   .            (no cloak)
rCorr   .            (no gloves)
SInv    .            (no boots)
Will    .....        (no amulet) Stlth
                     (no ring)
HPRegen 0.27/turn    (no ring)
MPRegen 0.08/turn

%: no teleportation
@: no status effects
A: horns 2, retaliatory headbutt
a: no special abilities


You were in the Dungeon.
You visited 1 branch

Inventory:

Hand Weapons
 a - a +0 trident (weapon)
Armour
 c - a +0 scale mail (worn)
 d - a +0 buckler (worn)
Potions
 b - a potion of might
 g - a potion of haste
 i - a potion of berserk rage


   Skills:
 + Level 6.1 Fighting
 * Level 7.4 Polearms
 + Level 6.1 Armour
 - Level 3.6 Shields


You had 3 spell levels left.
You didn't know any spells.
Your spell library was empty.

Dungeon Overview and Level Annotations

Branches:
Dungeon (1/1)

Altars:


Innate Abilities, Weirdness & Mutations

You have a pair of horns on your head.
You reflexively headbutt those who attack you in melee.


Message History

The white imp is heavily wounded.
The white imp hits you but does no damage.
You barely miss the white imp.
The white imp is heavily wounded.
The white imp hits you.
* * * LOW HITPOINT WARNING * * *
The white imp freezes you.
* * * LOW HITPOINT WARNING * * *
You feel better.
The white imp hits you but does no damage.
You puncture the white imp!
You kill the white imp!
The hound misses you.
You barely miss the hound. You headbutt the hound!
The hound is severely wounded.
The hound bites you.
* * * LOW HITPOINT WARNING * * *
You hit the hound but do no damage. Your headbutt misses the hound.
The hound is severely wounded.
The hound bites you but does no damage. x2
You hit the hound. Your headbutt misses the hound.
The hound is almost dead.
The hound bites you.
* * * LOW HITPOINT WARNING * * *
The hound bites you but does no damage.
You hit the hound but do no damage.
You headbutt the hound, but do no damage.
The hound is almost dead.
The hound bites you but does no damage.
You puncture the hound!
You kill the hound!
Your Fighting skill increases to level 6!
Your Polearms skill increases to level 7!
Your Armour skill increases to level 6!
You have reached level 4!
You feel stronger.
You hit the ogre.
The ogre is lightly wounded.
The ogre hits you with a +0 giant club!
You die... ▓▓▓▓▓▓▓▓▓▓▓▓▓▓▓▓▓▓ ▓<.!.†.....'..O@.+ ▓▓▓▓▓▓▓▓▓▓▓▓▓▓▓▓▓▓

You could see an ogre.

Vanquished Creatures
  2 hounds (D)
  A gnoll (D)
  A white imp (D)
  A ball python (D)
  An endoplasm (D)
  A giant cockroach (D)
  2 frilled lizards (D)
9 creatures vanquished.

Notes
Turn   | Place    | Note
-------+----------+-------------------------------------------
     0 | D        | Heoruswealwe the Minotaur Fighter began the quest for the
                  | Orb.
     0 | D        | Reached XP level 1. HP: 19/19 MP: 0/0
     7 | D        | Reached skill level 3 in Polearms
    21 | D        | Noticed a hound
    21 | D        | Noticed an ogre
    21 | D        | Noticed a hound
    30 | D        | Killed a hound
    31 | D        | Reached skill level 5 in Fighting
    31 | D        | Reached skill level 5 in Polearms
    31 | D        | Reached skill level 5 in Armour
    31 | D        | Reached XP level 2. HP: 6/29 MP: 1/1
    31 | D        | Reached XP level 3. HP: 8/36 MP: 2/2
    35 | D        | Reached skill level 6 in Polearms
    47 | D        | Reached skill level 7 in Polearms
    47 | D        | Reached XP level 4. HP: 9/44 MP: 3/3
    47 | D        | Mangled by an ogre

Illustrated notes

Levels and vault maps discovered:
D:        linesprint [early_d, line_temple, items_1, d_10, items_2, lair_1,
          lair_end, items_3, orc_1, orc_end, items_4, d_15, swamp_1, shoals_1,
          snake_1, spider_1, d_20, vaults_1, items_5, swamp_end, shoals_end,
          snake_end, spider_end, vaults_end, d_27, items_6, zot_1, zot_end,
          crypt_end, forest_end, elf_end, slime_end, tomb_end, abyss_end,
          pan_hell_end]

Skill      XL: |  1  2  3 |
---------------+----------+-----
Polearms       | 5 7 |  7.4
Fighting       | 5 6 |  6.1
Armour         | 5 6 |  6.1
Shields        | |  3.6

Action                     |  1- 3 |  4- 6 || total
---------------------------+-------+-------++-------
  Melee: Trident           |    31 |     1 ||    32
         Headbutt          |     5 |       ||     5
    Use: Potion            |     2 |       ||     2
         Scroll            |     1 |       ||     1
 Armour: Scale mail        |    13 |       ||    13
  Dodge: Dodged            |    11 |       ||    11
  Block: Buckler           |     6 |       ||     6
